[Event "Early-Titled-Tuesday-Blitz-March-26-2024"]
[Site "Chess.com"]
[Date "2024.03.26"]
[Round "5"]
[White "Yaacovn"]
[Black "Gurvich_Vitaly"]
[Result "1/2-1/2"]
[WhiteElo "2899"]
[BlackElo "2713"]
[TimeControl "180+1"]
[EndTime "8:56:36 PDT"]
[Termination "Game drawn by repetition"]

1. d4 Nf6 2. e3 g6 3. Nf3 Bg7 4.
Be2 O-O 5. O-O d6 6. b3 Nbd7 7. Bb2 b6 8. c4 e6 9. Qc2 Bb7 10. Nc3 a6 11. Rad1 Qe7 12. Nd2 Rad8 13. Bf3 d5 14. cxd5 exd5 15. Rc1 Rc8 16. Qb1 Rfd8 17. Rfd1 Ba8 18. h3 Nf8 19. a3 Ne6 20. b4 h5 21.
Be2 Bb7 22. Nf3 c5 23. dxc5 bxc5 24. bxc5 Nxc5 25. Nd4 Re8 26. a4 Nce4 27. Nxe4 Nxe4 28.
Bf3 Ng5 29. Be2 Ne4 30. Rxc8 Rxc8 31. Bf3 Ng5 32. Be2 Ne4 33. Bd3 Nc3 34. Bxc3 Rxc3 35. Be2 Qc7 36. Bf1 Bf6 37. Qb2 Kg7 38. Qd2 Qc5 39.
Rb1 Bc8 40. Ne2 Rc2 41. Qd1 Bf5 42. Ng3 Be6 43. Bd3 Ra2 44. Rc1 Qa3 45. Be2 Qb2 46. Rb1 Qc2 47. Qxc2 Rxc2 48. Bf3 h4 49. Ne2 Ra2 50.
Nf4 Rxa4 51. Bxd5 Bf5 52. Rd1 Be5 53. Ne2 Ra1 54. Rxa1 Bxa1 55. Bc4 a5 56. Nc1 a4 57. Kf1 a3 58. Ke2 Bb2 59. Na2 g5 60. Nb4 g4 61.
hxg4 Bxg4+ 62. f3 Bd7 63. Nd5 Be6 64. e4 Kh6 65. f4 Kh5 66. Kf3 Bg4+ 67. Ke3 Be6 68.
Kf3 h3 69. gxh3 Kh4 70. f5 Bxd5 71. Bxd5 f6 72. Kg2 Be5 73. Ba2 Bd4 74. Bb3 Be5 75. Bc4 Bd4 76. Ba2 Be5 77. Bc4 Bc3 78. Ba2 Kg5 79. Kf3 Be5 80. Bb3 Kh4 81. Kg2 Bf4 82. Ba2 Bd6 83. Bb3 Bc7 84. Ba2 Bd8 85.
Bd5 Bc7 86. Kf3 Be5 87. Ke2 Kxh3 88. Kd3 Kg4 89. Kc2 Kf4 90. Kb3 Bd6 91. Ka2 Ke5 92.
Be6 Kd4 93. Kb3 Kd3 94. Bd5 Kd2 95. Ka2 Kc1 96. Ba8 Bc5 97. Bd5 Kd2 98. Bb7 Ke3 99.
Bd5 Kf4 100. Kb3 Ke5 101. Ka2 Bd6 102. Kb3 Be7 103. Ka2 Bf8 104. Kb3 Be7 105. Ka2 Bf8 106. Kb3 Be7 1/2-1/2

[Event "Early-Titled-Tuesday-Blitz-March-26-2024"]
[Site "Chess.com"]
[Date "2024.03.26"]
[Round "5"]
[White "Dixit_Nikhil"]
[Black "Zohid6"]
[Result "1/2-1/2"]
[WhiteElo "2644"]
[BlackElo "2907"]
[TimeControl "180+1"]
[EndTime "8:57:01 PDT"]
[Termination "Game drawn by repetition"]

1. e4 e5 2. Nf3 Nf6 3. Nc3 Nc6 4.
d4 exd4 5. Nxd4 Bb4 6. Nxc6 bxc6 7. Bd3 d5 8. exd5 O-O 9. O-O cxd5 10. Bg5 c6 11.
Qf3 h6 12. Bxf6 Qxf6 13. Qxf6 gxf6 14. Nd1 Re8 15. Ne3 Rb8 16. Nf5 Bf8 17. b3 Re5 18.
Ne3 a5 19. a4 Bb4 20. h3 Bd2 21. Rad1 Bc3 22. Ng4 Bxg4 23. hxg4 Rbe8 24. g3 Kg7 25.
Kg2 R8e7 26. Rh1 Be1 27. Kf3 c5 28. Rh5 Rxh5 29. gxh5 Re5 30. g4 Kf8 31. Bb5 Bc3 32. Bc6 d4 33. Be4 Ke7 34. Bd3 Kd6 35. Rg1 Re7 36.
Rf1 Kd5 37. Bc4+ Kd6 38. Bd3 Re5 39. Kg2 Bd2 40. Rh1 Re7 41. Rh3 Bf4 42. Rf3 Ke5 43.
Bc4 f5 44. gxf5 Kxf5 45. Rh3 Kg4 46. Rh1 f5 47. Kf1 Bg5 48. Be2+ Kf4 49. Rh3 Ke5 50. Rf3 Bf4 51. Bd3 Rg7 52. Rh3 Rg5 53. Ke2 Rg4 54. Kf3 Kf6 55. Rh1 Be5 56. Rh3 Kg5 57. Ke2 Rg1 58. Rf3 f4 59. Rh3 Kg4 60. Rf3 Kxh5 61.
Rh3+ Kg5 62. Kf3 h5 63. Rh2 Rg4 64. Rg2 Bd6 65. Bb5 Rxg2 66. Kxg2 Kf5 67. Bd3+ Ke5 68. f3 Be7 69. Kh3 h4 70. Kg4 Bd8 71. Kh3 Be7 72.
Kg2 Kf6 73. Bf1 Kg5 74. Kf2 Bd6 75. Bh3 d3 76. cxd3 Be5 77. Ke2 Bd4 78. Bg4 Kf6 79. Bh3 Be3 80. d4 cxd4 81. Kd3 Ke5 82. Kc4 Kd6 83. Bg4 Kc6 84. Bh3 Kb6 85. Bg4 Bf2 86.
Bh3 d3 87. Kxd3 Kc5 88. Bg4 Kb4 89. Kc2 Bd4 90. Bh3 Bf6 91. Bg4 Bc3 92. Be6 Be1 93. Kd3 Ka3 94. Kc2 Kb4 95. Bh3 Bg3 96. Bg4 Kc5 97. Kd3 Kb4 98. Kc2 Bf2 99. Bh3 Bd4 100.
Bg4 Bh8 101. Bh3 Kc5 102. Kd3 Kb4 103. Kc2 Bd4 104. Bg4 Be3 105. Bh3 Kc5 106. Kd3 Kd5 107. Bg4 Bc5 108. Bh3 Bb4 109. Bg4 Ke5 110. Kc4 Be1 111. Bh3 Bb4 112. Bg4 Kf6 113. Bh3 Kg5 114. Bg4 Kf6 115. Bh3 Ke5 116. Bg4 1/2-1/2

[Event "Early-Titled-Tuesday-Blitz-March-26-2024"]
[Site "Chess.com"]
[Date "2024.03.26"]
[Round "5"]
[White "alexrustemov"]
[Black "Andrei_Skvortsov"]
[Result "0-1"]
[WhiteElo "2928"]
[BlackElo "2742"]
[TimeControl "180+1"]
[EndTime "8:57:05 PDT"]
[Termination "Andrei_Skvortsov won on time"]

1. d4 g6 2. c4 Bg7 3. Nf3 e6 4. g3 Ne7 5. b3 a5 6. Bg2 d5 7.
Bb2 a4 8. O-O axb3 9. axb3 Rxa1 10. Bxa1 O-O 11. Nbd2 b6 12. Qc2 Nbc6 13. e3 Na5 14.
Bc3 Nb7 15. c5 Bd7 16. Ra1 Qb8 17. b4 Bb5 18. Ne5 Bxe5 19. dxe5 bxc5 20. bxc5 c6 21. Bd4 Nf5 22. Nf3 Qc7 23. g4 Nxd4 24. exd4 f6 25. Qd2 Nd8 26. exf6 Rxf6 27. Ra8 Kg7 28. Ne5 Nf7 29. f4 Nxe5 30. fxe5 Rf8 31. Rxf8 Kxf8 32. Qf4+ Qf7 33. Qf6 Qxf6 34. exf6 g5 35. Kf2 Kf7 36. Ke3 Kxf6 37. Bf3 h6 38. Bd1 e5 39. Bf3 e4 40. Bd1 Ke7 41. Bc2 Kd7 42. Bd1 Kc7 43. Kd2 Kb7 44. Kc3 Ka6 45. Bc2 Ka5 46. Bd1 Bd3 47.
Kd2 Kb4 48. Ke3 Bb5 49. Bc2 Kc3 50. Bd1 Kb2 51. Kd2 Kb1 52. Ke3 Kc1 53. Bb3 Kb2 54. Bd1 Ka3 55. Kd2 Kb4 56. Ke3 Ba4 57. Be2 Kc3 58. Ba6 Kc2 59. Bc8 Kd1 60. Ba6 Kc2 61.
Be2 Kc3 62. Ba6 Kb4 63. Be2 Bb5 64. Bd1 Kc3 65. h3 Kb4 66. Bc2 Bf1 67. Bd1 Bxh3 68. Kf2 Kc3 69. Ke3 Kb4 70. Kf2 Kc4 71. Ke3 Kb5 72. Kf2 e3+ 73. Kxe3 Bg2 74. Be2+ Ka5 75. Kd2 Be4 76. Ke3 Bg6 77. Kd2 Be8 78. Ke3 Ka4 79.
Kd2 Kb4 80. Ke3 Kc3 81. Bf3 Bd7 82. Be2 Kb3 83. Bf3 Kc2 84. Be2 Bc8 85. Bf3 Ba6 86. Bg2 Kd1 87. Bf3+ Ke1 88. Bg2 Bc8 89. Bf3 Bd7 90.
Be2 Be6 91. Bf3 Kf1 92. Bd1 Kg2 93. Ba4 Bd7 94. Bd1 Kg3 95. Bc2 Kxg4 96. Bg6 h5 97. Bf7 h4 0-1

[Event "Early-Titled-Tuesday-Blitz-March-26-2024"]
[Site "Chess.com"]
[Date "2024.03.26"]
[Round "5"]
[White "SaiAgni_98"]
[Black "ArchibaldCerveza29"]
[Result "0-1"]
[WhiteElo "2507"]
[BlackElo "2376"]
[TimeControl "180+1"]
[EndTime "8:57:09 PDT"]
[Termination "ArchibaldCerveza29 won by resignation"]

1. e4 e5 2. Nf3 Nf6 3. Bc4 Nxe4 4. d4 d5 5. Qe2 exd4 6. O-O Be7 7. Re1 O-O 8. Bxd5 Qxd5 9. Qxe4 Qxe4 10. Rxe4 Nc6 11. Nxd4 Nxd4 12. Rxd4 Bf6 13. Rd1 Bg4 14. f3 Bf5 15. c3 Rfe8 16. Kf2 Rad8 17. Rxd8 Rxd8 18. Nd2 Bc2 19. f4 g6 20. g3 a5 21. Ke2 Bd3+ 22. Kf2 a4 23. a3 Bc2 24. Ke2 Re8+ 25. Kf2 Be7 26. Nf3 Bc5+ 27. Nd4 Bxd4+ 28. cxd4 Re6 29. d5 Rb6 30. Ke3 f5 31. Kd4 Kf7 32. Kc3 Be4 33.
Be3 Rb3+ 34. Kd2 Rxb2+ 35. Kc3 Rb3+ 36. Kd2 Rb2+ 37. Kc3 Rxh2 38. d6 cxd6 39. Rd1 Ke6 40. Kb4 Bc2 41. Re1 Kd7 42. Bd4 Be4 43. Kxa4 Rg2 44.
Re3 h6 45. Bf6 Bc6+ 46. Kb4 h5 47. Kc3 d5 48. Kd4 Rd2+ 49. Ke5 Ra2 50. Rb3 Rd2 51.
Re3 d4 52. Rb3 Rd1 53. Rb4 d3 54. Kd4 d2 55. Ke3 Re1+ 56. Kxd2 Ra1 57. Rd4+ Kc7 58. Be5+ Kc8 59. Rd3 Ra2+ 60. Ke3 Rg2 61. Rc3 Rxg3+ 62. Kf2 Rxc3 63. Bxc3 h4 64. Bf6 h3 65. Kg3 Bg2 66.
Kh2 Kd7 67. Be5 Kc6 68. Kg3 b5 69. Bc3 Kd5 70. Bb4 Kc4 71. Be7 Kd3 72. Kh2 Ke4 73. Kg3 Ke3 74. Bg5 Bf1 75. Bf6 Bg2 76. Bg5 Bf1 77. Bf6 h2 78. Kxh2 Kxf4 79. Kg1 Bc4 80. Bd8 g5 81. Kf2 Ke4 82. Bc7 f4 83. Bd8 Kf5 84.
Kg2 Bd5+ 85. Kf2 g4 86. Bh4 g3+ 87. Bxg3 fxg3+ 88. Kxg3 Ke4 89. Kf2 Bb3 90. Ke1 Kd3 91. Kf2 Kc2 92. Ke2 Kb2 93. Kd2 Kxa3 94. Kc1 Bc4 95.
Kb1 b4 96. Ka1 b3 97. Kb1 Bd3+ 98. Kc1 b2+ 99. Kd2 b1=Q 100. Ke3 Qe1+ 101. Kd4 Qb4+ 102. Kxd3 Kb3 0-1

[Event "Early-Titled-Tuesday-Blitz-March-26-2024"]
[Site "Chess.com"]
[Date "2024.03.26"]
[Round "5"]
[White "BallottiLuca"]
[Black "Statham_01"]
[Result "1/2-1/2"]
[WhiteElo "2364"]
[BlackElo "2566"]
[TimeControl "180+1"]
[EndTime "8:57:16 PDT"]
[Termination "Game drawn by repetition"]

1. e4 e5 2. Nc3 Nf6 3. f4 d5 4. fxe5 Nxe4 5. Qf3 Nc6 6. Bb5 Nxc3 7. dxc3 Qh4+ 8. g3 Qe4+ 9. Qxe4 dxe4 10. Bxc6+ bxc6 11. Be3 Be6 12. Ne2 g6 13. Nd4 Bd7 14. Nb3 Bg7 15.
Bd4 O-O 16. Nc5 Bg4 17. O-O Bf5 18. Rae1 Rab8 19. b4 a5 20. a3 axb4 21. cxb4 Rfd8 22. c3 Ra8 23. a4 Bf8 24. Nxe4 Rxa4 25. g4 Bxe4 26.
Rxe4 c5 27. bxc5 Bxc5 28. Ref4 Bxd4+ 29. cxd4 Rd7 30. Rc1 Raxd4 31. Rxd4 Rxd4 32. h3 Re4 33. Rxc7 Rxe5 34. Kg2 Re3 35. Ra7 Kg7 36. Ra6 Rb3 37.
Rc6 Rd3 38. Ra6 Kh6 39. Ra5 Rc3 40. Rb5 Ra3 41. Rc5 Kg7 42. Rc6 h6 43. Rb6 Re3 44. Rc6 Re6 45. Rc7 Kf6 46. Ra7 Re5 47. Rb7 Re2+ 48.
Kg3 Re3+ 49. Kg2 Rc3 50. Ra7 Kg5 51. Rxf7 Kh4 52. Rh7 Rc2+ 53. Kf3 h5 54. gxh5 gxh5 55.
Rg7 Rc3+ 56. Kg2 Rxh3 57. Rf7 Rg3+ 58. Kh2 Rg4 59. Rf6 Rc4 60. Ra6 Rc2+ 61. Kh1 Kg3 62.
Ra3+ Kg4 63. Ra1 h4 64. Rg1+ Kh3 65. Ra1 Rh2+ 66. Kg1 Rg2+ 67. Kh1 Rf2 68. Ra3+ Kg4 69. Ra1 h3 70. Rg1+ Kf3 71. Rb1 Kg3 72. Rb3+ Kh4 73. Rb1 Re2 74. Ra1 Kg4 75. Ra4+ Kg3 76. Ra1 Re3 77.
Rb1 Rd3 78. Ra1 h2 79. Rb1 Kh3 80. Ra1 Re3 81. Rb1 Rc3 82. Ra1 Rb3 83. Rc1 Re3 84. Ra1 Rg3 85. Rc1 Rb3 86. Ra1 Rc3 87. Rb1 Ra3 88. Rc1 Rd3 89. Rb1 Rd6 90. Rc1 Rf6 91. Rb1 Kg3 92. Rb3+ Kf2 93. Rb2+ Kf1 94. Rb1+ Kf2 95.
Rb2+ Kf3 96. Rb1 Rg6 97. Kxh2 Kf2 98. Rb2+ Kf3 99. Rb3+ Kf2 100. Rb2+ Kf3 101. Rb3+ Ke2 102. Rb2+ Kf1 103. Rb1+ Kf2 104. Rb2+ 1/2-1/2

[Event "Early-Titled-Tuesday-Blitz-March-26-2024"]
[Site "Chess.com"]
[Date "2024.03.26"]
[Round "5"]
[White "Donskov_AN"]
[Black "Kostya0705"]
[Result "1/2-1/2"]
[WhiteElo "2367"]
[BlackElo "2566"]
[TimeControl "180+1"]
[EndTime "8:57:17 PDT"]
[Termination "Game drawn by agreement"]

1. e4 c5 2. Nf3 e6 3. d4 cxd4 4. Nxd4 Nc6 5. c4 Nf6 6. Nc3 Bb4 7. Qd3 Qa5 8. Bd2 Qb6 9. Nb3 O-O 10. Be2 a6 11.
O-O Qc7 12. Rad1 b6 13. Bg5 Be7 14. Nd2 h6 15. Bh4 Bb7 16. b3 Rfd8 17. Rfe1 d5 18. exd5 Nb4 19. Qh3 exd5 20. Bg3 Qc5 21. Na4 Qc6 22.
Bf3 Re8 23. cxd5 Nfxd5 24. Nc4 b5 25. Ne5 Qf6 26. Ng4 Qg5 27. Re5 f5 28. Rxf5 Qg6 29. Ne5 Qe6 30. Bg4 Nf6 31. Rxf6 Qxf6 32. Be6+ Kh7 33. Bf5+ Kh8 34. Ng6+ Kg8 35. Nb6 Rad8 36. Rf1 Bc5 37. Nd7 Qc6 38. Nde5 Qd5 39. Bg4 Ba8 40.
Qh5 Nd3 41. Bf3 Qd4 42. Qf5 Bxf3 43. gxf3 Rxe5 44. Nxe5 Nxe5 45. Bxe5 Qd7 46. Qe4 Qe7 47. f4 Re8 48. Kh1 Qe6 49. Rg1 Re7 50. Qg2 Qd7 51. Qg4 Qxg4 52. Rxg4 Rd7 53. Kg2 Kf8 54. Kf3 Bb6 55.
Ke4 Bxf2 56. f5 Bc5 57. f6 gxf6 58. Bxf6 Kf7 59. Kf5 Rd5+ 60. Be5 Bd6 61. Re4 Rc5 62. h4 Bc7 63. h5 a5 64. a3 a4 65. bxa4 bxa4 66. Re2 Rb5 67. Re3 Ke7 68. Re4 Kf7 69.
Re3 Bb6 70. Re1 Rb3 71. Rf1 Rxa3 72. Ke4+ Ke7 73. Bf6+ Ke6 74. Bg7 Bd8 75. Bxh6 Rh3 76. Be3 a3 77. h6 Be7 78. Rb1 Bf6 79. Rb6+ Kf7 80. h7 Rxh7 81. Ra6 Bb2 82. Ra7+ Kg6 83.
Ra6+ Kh5 84. Kd3 Rc7 85. Bd4 Kg4 86. Bxb2 axb2 87. Rb6 Rd7+ 88. Kc2 Kf3 89. Rxb2 Ke2 90. Rb3 Rc7+ 91. Kb2 Ra7 92. Ra3 Rc7 93. Rb3 Rh7 94. Rc3 Kd2 95. Rc2+ Kd3 96. Rc3+ Kd4 97. Rg3 Rh2+ 98.
Kb3 Rh4 99. Kb2 Kc4 100. Rc3+ Kb4 101. Rb3+ Kc5 102. Rc3+ Kd4 103. Rb3 Rh2+ 104. Ka3 Kc4 105. Rb4+ Kc5 106. Rb3 Rh1 107. Rc3+ Kb5 108. Rb3+ Kc4 109. Rb4+ Kc5 110. Rb3 Rh2 111. Rc3+ Kb5 112. Rb3+ Ka5 113. Rc3 1/2-1/2

[Event "Early-Titled-Tuesday-Blitz-March-26-2024"]
[Site "Chess.com"]
[Date "2024.03.26"]
[Round "6"]
[White "Knightmare1014"]
[Black "Incognizance"]
[Result "1-0"]
[WhiteElo "2313"]
[BlackElo "1907"]
[TimeControl "180+1"]
[EndTime "8:59:56 PDT"]
[Termination "Knightmare1014 won by resignation"]

1. e4 c5 2. Nf3 Nc6 3. d4 cxd4 4. Nxd4 e5 5. Nb5 d6 6. N1c3 a6 7. Na3 b5 8. Nd5 Nge7 9. c3 Nxd5 10. Qxd5 Qc7 11.
Nc2 Be6 12. Qd1 g6 13. Be3 Bg7 14. Be2 O-O 15. O-O f5 16. f3 fxe4 17. fxe4 Rxf1+ 18. Bxf1 Na5 19. Nb4 Nc4 20. Nd5 Bxd5 21. Qxd5+ Kh8 22.
Qxa8+ 1-0

[Event "Early-Titled-Tuesday-Blitz-March-26-2024"]
[Site "Chess.com"]
[Date "2024.03.26"]
[Round "6"]
[White "HanSchut"]
[Black "DucksParadise"]
[Result "1-0"]
[WhiteElo "2286"]
[BlackElo "2470"]
[TimeControl "180+1"]
[EndTime "9:00:18 PDT"]
[Termination "HanSchut won by resignation"]

1. e4 c5 2. Nf3 d6 3. d4 cxd4 4. Nxd4 Nf6 5. f3 e5 6. Bb5+ Bd7 7. Bxd7+ Qxd7 8. Nf5 d5 9. Bg5 d4 10. c3 Nc6 11. O-O Bc5 12. Kh1 O-O-O 13. Nxg7 dxc3 14.
Nxc3 Qxd1 15. Raxd1 Rxd1 16. Rxd1 Nh5 17. Nxh5 1-0

[Event "Early-Titled-Tuesday-Blitz-March-26-2024"]
[Site "Chess.com"]
[Date "2024.03.26"]
[Round "6"]
[White "Ticoluis"]
[Black "kai_nov"]
[Result "1-0"]
[WhiteElo "2508"]
[BlackElo "2338"]
[TimeControl "180+1"]
[EndTime "9:01:00 PDT"]
[Termination "Ticoluis won by checkmate"]

1. e4 c5 2. Nf3 Nc6 3. Bb5 g6 4.
O-O Bg7 5. Re1 d6 6. Bxc6+ bxc6 7.
c3 e5 8. d4 cxd4 9. cxd4 exd4 10. Nxd4 Ne7 11. Nc3 O-O 12. Bg5 f6 13. Bf4 Bd7 14.
Bxd6 Re8 15. Qb3+ Kh8 16. Bg3 Nc8 17. Rad1 Qb6 18. Qf7 Ne7 19. Nb3 Rad8 20. Rxd7 Ng8 21. Qxg7# 1-0

[Event "Early-Titled-Tuesday-Blitz-March-26-2024"]
[Site "Chess.com"]
[Date "2024.03.26"]
[Round "6"]
[White "MatthewG-p4p"]
[Black "Irina_Mikhaylova"]
[Result "1-0"]
[WhiteElo "2868"]
[BlackElo "2340"]
[TimeControl "180+1"]
[EndTime "9:01:08 PDT"]
[Termination "MatthewG-p4p won by resignation"]

1. f4 d5 2. Nf3 Nf6 3. g3 g6 4. Bg2 Bg7 5. O-O O-O 6. d3 c5 7. Nc3 d4 8. Na4 Nbd7 9. c4 Qc7 10. a3 Rb8 11. b4 b6 12. Rb1 Bb7 13. e4 dxe3 14.
Bxe3 e5 15. Nc3 Ng4 16. Bd2 Rfe8 17. Nb5 Qc6 18. Nh4 Qf6 19. Qxg4 1-0

[Event "Early-Titled-Tuesday-Blitz-March-26-2024"]
[Site "Chess.com"]
[Date "2024.03.26"]
[Round "6"]
[White "chucksterf10"]
[Black "NastyaHn"]
[Result "1-0"]
[WhiteElo "2598"]
[BlackElo "2450"]
[TimeControl "180+1"]
[EndTime "9:01:12 PDT"]
[Termination "chucksterf10 won by resignation"]

1. Nc3 e6 2. d4 d5 3. Bf4 Nf6 4. e3 Bb4 5. Ne2 c5 6. a3 Bxc3+ 7. Nxc3 a6 8. dxc5 Nc6 9. Bd6 Ne7 10. Bd3 O-O 11. O-O Re8 12. b4 Ng6 13. Na4 b5 14. Nb6 Ra7 15. a4 Rb7 16. Nxc8 Qxc8 17. axb5 axb5 18. Ra5 Qc6 19. Qe2 Ne4 20. Bxb5 Rxb5 21. Qxb5 Qc8 22. Rfa1 h5 23. Qxe8+ 1-0

[Event "Early-Titled-Tuesday-Blitz-March-26-2024"]
[Site "Chess.com"]
[Date "2024.03.26"]
[Round "6"]
[White "Kostya0705"]
[Black "ViktoriyaTarasova"]
[Result "1-0"]
[WhiteElo "2570"]
[BlackElo "2368"]
[TimeControl "180+1"]
[EndTime "9:01:15 PDT"]
[Termination "Kostya0705 won by resignation"]

1. e4 e5 2. Nf3 Nc6 3. Bc4 Bc5 4. c3 Nf6 5. d4 exd4 6. b4 Bb6 7. e5 d5 8. exf6 dxc4 9. Qe2+ Be6 10. b5 d3 11.
Qe4 Na5 12. fxg7 Rg8 13. Bg5 Qd5 14. Qxh7 Kd7 15. O-O Bf5 16. Qh6 Qe6 17. Bf6 Rae8 18. Nbd2 Qd5 19. Rae1 Be6 20. Ne4 Kc8 21. Bg5 Qxb5 22.
Nf6 Qf5 23. Nxe8 Rxe8 24. Qh8 1-0

[Event "Early-Titled-Tuesday-Blitz-March-26-2024"]
[Site "Chess.com"]
[Date "2024.03.26"]
[Round "6"]
[White "JAN2404"]
[Black "N_I_Chess"]
[Result "0-1"]
[WhiteElo "1960"]
[BlackElo "2321"]
[TimeControl "180+1"]
[EndTime "9:01:20 PDT"]
[Termination "N_I_Chess won by resignation"]

1. e4 Nf6 2. Nc3 d5 3. e5 d4 4. exf6 dxc3 5. fxg7 cxd2+ 6. Bxd2 Bxg7 7. c3 Nc6 8. Nf3 Bg4 9. Be2 Qd6 10. Qa4 h5 11. h3 Bd7 12. O-O-O Nd4 13. Qc4 Bb5 14.
Qxb5+ Nxb5 15. Bxb5+ c6 16. Bc4 Bh6 17. Bg5 Bxg5+ 0-1

[Event "Early-Titled-Tuesday-Blitz-March-26-2024"]
[Site "Chess.com"]
[Date "2024.03.26"]
[Round "6"]
[White "Hamisandwich"]
[Black "Yaacovn"]
[Result "0-1"]
[WhiteElo "2709"]
[BlackElo "2903"]
[TimeControl "180+1"]
[EndTime "9:01:31 PDT"]
[Termination "Yaacovn won by resignation"]

1. e4 c6 2. c4 d5 3. exd5 cxd5 4.
cxd5 Nf6 5. Nc3 Nxd5 6. Nf3 e6 7. d4 Be7 8. Bd3 Nf6 9. Bg5 Nc6 10. O-O O-O 11. Rc1 b6 12. Bb1 Bb7 13. Re1 Qd6 14.
Bh4 Rad8 15. Bg3 Qb4 16. Qc2 Nxd4 17. Nxd4 Qxd4 18. Nb5 Qd5 0-1

[Event "Early-Titled-Tuesday-Blitz-March-26-2024"]
[Site "Chess.com"]
[Date "2024.03.26"]
[Round "6"]
[White "Statham_01"]
[Black "gpsji27"]
[Result "1-0"]
[WhiteElo "2570"]
[BlackElo "2347"]
[TimeControl "180+1"]
[EndTime "9:01:37 PDT"]
[Termination "Statham_01 won by resignation"]

1. Na3 d5 2. d4 Nf6 3. c4 e6 4.
Nf3 Bb4+ 5. Bd2 Bxa3 6. Qa4+ c6 7. Qxa3 dxc4 8. Rd1 Nbd7 9. e3 Nb6 10. Ne5 Nfd5 11.
Bxc4 Qe7 12. Bxd5 exd5 13. Bb4 Qf6 14. O-O Be6 15. f4 Nd7 16. f5 Bxf5 17. Rxf5 Qxf5 18. Rf1 Qe4 19. Nxf7 1-0

[Event "Early-Titled-Tuesday-Blitz-March-26-2024"]
[Site "Chess.com"]
[Date "2024.03.26"]
[Round "6"]
[White "reevecanada"]
[Black "AlexeiShirov"]
[Result "0-1"]
[WhiteElo "2677"]
[BlackElo "2851"]
[TimeControl "180+1"]
[EndTime "9:01:43 PDT"]
[Termination "AlexeiShirov won by checkmate"]

1. e4 e5 2. Nf3 Nc6 3. c3 d5 4. exd5 Qxd5 5. d4 e4 6. Nfd2 Nf6 7. Bc4 Qg5 8. g3 Qg6 9. O-O Bh3 10. Re1 O-O-O 11. Qb3 Na5 12. Qa4 Nxc4 13. Nxc4 a6 14. Ne5 Qf5 15. Qd1 Bd6 16. Nxf7 Bg4 17. Nxd6+ Rxd6 18. Qc2 Bf3 19. Nd2 Qh3 20. Nxf3 exf3 21. Qf5+ Qxf5 22. Kh1 Qh3 23. Rg1 Ng4 24. Rg2 Qxg2# 0-1

[Event "Early-Titled-Tuesday-Blitz-March-26-2024"]
[Site "Chess.com"]
[Date "2024.03.26"]
[Round "6"]
[White "Kiborg95"]
[Black "AlmasRakhmatullaev"]
[Result "0-1"]
[WhiteElo "2780"]
[BlackElo "2913"]
[TimeControl "180+1"]
[EndTime "9:01:57 PDT"]
[Termination "AlmasRakhmatullaev won by resignation"]

1. e4 e5 2. Nf3 Nc6 3. Bc4 Nf6 4. d3 h6 5. a4 d6 6. a5 a6 7. Nc3 g6 8. h3 Bg7 9. Be3 Be6 10. Bxe6 fxe6 11.
Ne2 Qe7 12. Ng3 Qf7 13. c3 O-O-O 14. b4 d5 15. Qb1 Qd7 16. b5 axb5 17. a6 bxa6 18.
Rxa6 dxe4 19. Qxb5 Nb8 20. Qa5 Qxd3 0-1

[Event "Early-Titled-Tuesday-Blitz-March-26-2024"]
[Site "Chess.com"]
[Date "2024.03.26"]
[Round "6"]
[White "deribas12345"]
[Black "Philippians46"]
[Result "0-1"]
[WhiteElo "2616"]
[BlackElo "2999"]
[TimeControl "180+1"]
[EndTime "9:01:59 PDT"]
[Termination "Philippians46 won by resignation"]

1. d4 Nf6 2. c4 g6 3. Nc3 d5 4. Bg5 Ne4 5. Bh4 g5 6. Bg3 Bg7 7. e3 h5 8. Nxe4 dxe4 9. h4 c5 10. Ne2 Nc6 11. hxg5 cxd4 12. Nxd4 Nxd4 13. exd4 Bxd4 14.
Be2 Be6 15. Qa4+ Bd7 16. Qc2 Qa5+ 17. Kf1 Bc6 18. Rb1 Qxg5 19. b4 h4 20. b5 hxg3 21. Rxh8+ Bxh8 22. bxc6 Qh4 23. Bd1 Qh1+ 24. Ke2 Qxg2 25.
Ke3 gxf2 0-1

[Event "Early-Titled-Tuesday-Blitz-March-26-2024"]
[Site "Chess.com"]
[Date "2024.03.26"]
[Round "6"]
[White "AlainBruxelles"]
[Black "carloseduar100"]
[Result "1-0"]
[WhiteElo "2382"]
[BlackElo "2195"]
[TimeControl "180+1"]
[EndTime "9:02:06 PDT"]
[Termination "AlainBruxelles won by resignation"]

1. d4 d5 2. Nf3 c6 3. g3 Bf5 4. Bg2 Nd7 5. O-O Ngf6 6. Nbd2 h6 7. c4 e6 8. Qb3 Qb6 9. h3 Qxb3 10. axb3 a6 11. c5 Be7 12. b4 O-O 13. Nb3 b6 14.
Bf4 Bc2 15. Nfd2 a5 16. cxb6 axb4 17. Rxa8 Rxa8 18. b7 Re8 19. Rc1 Bxb3 20. Nxb3 Nb8 21. Na5 Nfd7 22. Nxc6 Nxc6 23. Rxc6 Bf6 24. Rc8 Kf8 25.
e3 Be7 26. Bf1 g5 27. Bc7 1-0

[Event "Early-Titled-Tuesday-Blitz-March-26-2024"]
[Site "Chess.com"]
[Date "2024.03.26"]
[Round "6"]
[White "LeoWin2012"]
[Black "GMKrikor"]
[Result "0-1"]
[WhiteElo "2291"]
[BlackElo "2875"]
[TimeControl "180+1"]
[EndTime "9:02:13 PDT"]
[Termination "GMKrikor won by resignation"]

1. b3 Nf6 2. Bb2 g6 3. e3 Bg7 4.
Nf3 O-O 5. c4 c5 6. d3 Nc6 7.
Nbd2 b6 8. g3 d5 9. Bg2 Bb7 10.
O-O Rc8 11. Ne5 Qd6 12. Nxc6 Bxc6 13. cxd5 Nxd5 14. Bxg7 Kxg7 15. Nc4 Qf6 16. Qd2 Rfd8 17. Rac1 Nb4 18. d4 Bxg2 19. Kxg2 Nc6 20. d5 e6 21. d6 Ne5 22. Rfd1 Nxc4 23. Rxc4 Rc6 24.
Rc3 Rcxd6 25. Qxd6 Rxd6 26. Rxd6 Qxc3 0-1

[Event "Early-Titled-Tuesday-Blitz-March-26-2024"]
[Site "Chess.com"]
[Date "2024.03.26"]
[Round "6"]
[White "wild3000"]
[Black "Shuvalov"]
[Result "0-1"]
[WhiteElo "2456"]
[BlackElo "2607"]
[TimeControl "180+1"]
[EndTime "9:02:14 PDT"]
[Termination "Shuvalov won by resignation"]

1. d4 Nf6 2. Nf3 g6 3. g3 Bg7 4. Bg2 O-O 5. O-O d5 6. b3 c5 7. e3 Ne4 8. Bb2 Nc6 9. Nbd2 Bg4 10. Nxe4 dxe4 11. c3 exf3 12. Bxf3 Bxf3 13. Qxf3 cxd4 14.
exd4 e5 15. d5 Ne7 16. Rfd1 f5 17. d6 Nc6 18. Qd5+ Kh8 19. c4 Qd7 20. c5 Rae8 21.
a3 a5 22. Rab1 f4 23. Bc3 f3 24. Qc4 Nd4 25. Bxd4 exd4 26. Re1 Re2 27. Kh1 Qh3 0-1

[Event "Early-Titled-Tuesday-Blitz-March-26-2024"]
[Site "Chess.com"]
[Date "2024.03.26"]
[Round "6"]
[White "vladislavkovalev"]
[Black "KacperKacprzak"]
[Result "1-0"]
[WhiteElo "2868"]
[BlackElo "2692"]
[TimeControl "180+1"]
[EndTime "9:02:15 PDT"]
[Termination "vladislavkovalev won by checkmate"]

1. e4 e5 2. Nf3 Nc6 3. Bb5 a6 4. Ba4 Nf6 5. O-O Be7 6. d3 d6 7.
c4 O-O 8. Nc3 Bg4 9. h3 Bxf3 10.
Qxf3 Nd4 11. Qd1 c6 12. Be3 b5 13. Bb3 Nd7 14. f4 Nc5 15. Kh1 b4 16. Ne2 Nce6 17. Bxd4 Nxd4 18. Nxd4 exd4 19. c5 dxc5 20. e5 Kh8 21.
Qf3 Qc7 22. Rae1 a5 23. Bc4 a4 24. g4 f5 25. exf6 Rxf6 26. g5 Rff8 27. Qg4 Bd6 28. f5 Rae8 29. f6 Rxe1 30. Rxe1 gxf6 31. gxf6 Be5 32.
Rxe5 Qxe5 33. Qg7# 1-0

[Event "Early-Titled-Tuesday-Blitz-March-26-2024"]
[Site "Chess.com"]
[Date "2024.03.26"]
[Round "6"]
[White "nabukatnezarr"]
[Black "scarabee43"]
[Result "0-1"]
[WhiteElo "2593"]
[BlackElo "2854"]
[TimeControl "180+1"]
[EndTime "9:02:21 PDT"]
[Termination "scarabee43 won by resignation"]

1. e4 c5 2. Nc3 Nc6 3. a3 g6 4. Bc4 Bg7 5. d3 e6 6. Ba2 Nge7 7. h4 h5 8. Bg5 b5 9. Nxb5 Qa5+ 10. Nc3 Rb8 11. Bd2 Rxb2 12. Nge2 Qc7 13. Bb3 Na5 14. Ba4 O-O 15. O-O a6 16. Nc1 Rb8 17. Nb3 Nac6 18.
Nxc5 Na7 19. d4 Bxd4 20. Ne2 Bxc5 0-1

[Event "Early-Titled-Tuesday-Blitz-March-26-2024"]
[Site "Chess.com"]
[Date "2024.03.26"]
[Round "6"]
[White "toog"]
[Black "Davidalhesa2007"]
[Result "1-0"]
[WhiteElo "2626"]
[BlackElo "1870"]
[TimeControl "180+1"]
[EndTime "9:02:21 PDT"]
[Termination "toog won by checkmate"]

1. d4 Nf6 2. Nf3 d5 3. Bf4 e6 4. e3 c5 5. Nbd2 Nc6 6. c3 Bd6 7. Bg3 cxd4 8. exd4 O-O 9. Bd3 b6 10. Qe2 a5 11. Ne5 Qc7 12. O-O Nd7 13. f4 Ndxe5 14. fxe5 Be7 15. Nf3 Qd8 16. Rf2 f6 17. exf6 Bxf6 18. Raf1 Kh8 19. Ne5 Qe8 20. Nxc6 Qxc6 21.
Qh5 Ba6 22. Qxh7# 1-0